 Dungeon Crawl Stone Soup version 0.27-a0-1228-gfd60fd639a (webtiles) character file.

Game seed: 12213672795689230743

303 Wyvernaa the Shield-Bearer (level 6, 0/37 HPs)
             Began as a Gargoyle Fighter on June 7, 2021.
             Killed by nerve-wracking pain
             ... invoked by Grinder
              (4 damage)
             ... on level 3 of the Dungeon.
             The game lasted 00:06:06 (2816 turns).

Wyvernaa the Shield-Bearer (Gargoyle Fighter)       Turns: 2816, Time: 00:06:06

Health: 0/37       AC: 14    Str: 21    XL:     6   Next: 38%
Magic:  6/6        EV:  8    Int:  8    God:
Gold:   104        SH: 10    Dex: 10    Spells: 5/5 levels left

rFire    . . .     SeeInvis .   a - +1 flail
rCold    . . .     Faith    .   c - +0 kite shield
rNeg     + . .     Spirit   .   b - +0 scale mail
rPois    ∞         Reflect  .   d - +2 hat
rElec    +         Harm     .   h - +0 cloak
rCorr    .         Rampage  .   (no gloves)
Will     .....                  (no boots)
Stlth    ..........             (no amulet)
HPRegen  0.12/turn              (no ring)
MPRegen  0.10/turn              (no ring)

@: no status effects
A: sickness immunity, AC +4, negative energy resistance 1, electricity
resistance, torment resistance 1, petrification resistance
a: no special abilities


You were on level 3 of the Dungeon.
You visited 1 branch of the dungeon, and saw 3 of its levels.
You also visited: Sewer.

You collected 104 gold pieces.

Inventory:

Hand Weapons
 a - a +1 flail (weapon)
Armour
 b - a +0 scale mail (worn)
 c - a +0 kite shield (worn)
 d - a +2 hat (worn)
 h - a +0 cloak (worn)
Scrolls
 e - a scroll of fog
 g - a scroll of amnesia
 i - 3 scrolls of fear


   Skills:
 + Level 3.6 Fighting
 * Level 4.5 Maces & Flails
 + Level 3.9 Armour
 + Level 0.9 Dodging
 * Level 5.2 Shields


You had 5 spell levels left.
You didn't know any spells.
Your spell library was empty.

Dungeon Overview and Level Annotations

Branches:
Dungeon (3/15)              Sewer (visited)

Altars:
Kikubaaqudgha

Annotations:
D:3 Grinder


Innate Abilities, Weirdness & Mutations

You are immune to sickness and miasma.
Your stone body is resilient. (AC +4)
You are immune to poison.
You resist negative energy. (rN+)
You are resistant to electric shocks. (rElec)
You are resistant to unholy torment.
You are immune to petrification.


Message History

Grinder gestures at you. Pain shoots through your body!
You closely miss Grinder.
Grinder is severely wounded.
Grinder gestures at you.
You suddenly lose the ability to move!
Grinder hits you.
You writhe in agony.
Grinder hits you.
You writhe in agony.
Grinder hits you but does no damage. Grinder barely misses you.
Grinder gestures at you. You resist with significant effort.
Grinder hits you but does no damage.
You can move again.
It was a potion of magic.
Magic courses through your body. You block Grinder's attack.
You hit Grinder but do no damage.
Grinder is heavily wounded.
Grinder hits you but does no damage. x2
You closely miss Grinder.
Grinder is heavily wounded.
Grinder blinks!
You barely miss Grinder.
Grinder is heavily wounded.
Grinder hits you.
You writhe in agony.
Grinder blinks!
You sock Grinder!
Grinder is severely wounded.
Grinder gestures at you. Pain shoots through your body!
* * * LOW HITPOINT WARNING * * *
You barely miss Grinder.
Grinder is severely wounded.
Grinder gestures at you. Pain shoots through your body!
* * * LOW HITPOINT WARNING * * *
As you read the scroll of fear, it crumbles to dust.
You assume a fearsome visage.
Grinder is unaffected.
Grinder gestures at you. Pain shoots through your body!
You die...

### ###### ##.##.#
#...#5.'.## +...#.#
#...##†.## ###.(#.##
##..#..#.## #..###...
...###..#.## ###..#####
##..#.....#.## #..###
#.###†.#..#.## ###..#
..#..##(#..#.## #..###
#.###..##)#.@#.#####..#
####[.#..#####.#.5#.##..###
...# ###..#.(##.#..#.##..#
#### ####
#..###...##.#..#..### #...
###..#..#..##.#.....# #.##
#..###)##...##.#..### #.#
###..#..#..#..##.#..# #.#
#..###.##.##...##..## #.#
#...'..#).#..#..##.+ #.#


You could see Grinder.

Vanquished Creatures
  A water moccasin (Sewer)
  An iguana (D:3)
  8 adders
  2 river rats (D:3)
  A dart slug (D:1)
  5 ball pythons
  6 bats
  5 endoplasms
  5 giant cockroaches
  10 goblins
  3 hobgoblins
  12 jackals
  10 kobolds
  A quokka (D:1)
  4 rats
74 creatures vanquished.

Notes
Turn   | Place    | Note
-------+----------+-------------------------------------------
     0 | D:1      | Wyvernaa the Gargoyle Fighter began the quest for the Orb.
     0 | D:1      | Reached XP level 1. HP: 14/14 MP: 1/1
    99 | D:1      | Found a faded altar of an unknown god.
   210 | D:1      | Reached XP level 2. HP: 18/19 MP: 2/2
   413 | D:1      | Reached skill level 4 in Shields
   683 | D:1      | Reached XP level 3. HP: 23/23 MP: 3/3
   975 | D:2      | Reached XP level 4. HP: 28/28 MP: 4/4
  1042 | D:2      | Found an ancient bone altar of Kikubaaqudgha.
  1669 | D:3      | Found a glowing drain.
  1699 | D:3      | Reached XP level 5. HP: 24/32 MP: 5/5
  1751 | Sewer    | Entered a sewer
  1904 | Sewer    | Noticed a water moccasin
  1926 | Sewer    | Killed a water moccasin
  1927 | Sewer    | Reached skill level 5 in Shields
  1927 | Sewer    | Reached XP level 6. HP: 15/37 MP: 6/6
  2779 | D:3      | Noticed Grinder
  2779 | D:3      | Paralysed by Grinder for 4 turns
  2800 | D:3      | Paralysed by Grinder for 7 turns
  2816 | D:3      | Killed from afar by Grinder

Illustrated notes

Levels and vault maps discovered:
D:1:      dpeg_arrival_tiny_a, layout_loops_cross,
          shapermc_ecumenical_altar_notcrosses
D:2:      layout_rooms, basic_altar, kennysheep_generic_room_5
D:3:      minmay_razor_zed, layout_loops_ring, portal_sewer_entry_c,
          minmay_door_square, uniq_grinder

Skill      XL: |  1  2  3  4  5 |
---------------+----------------+-----
Shields        | 4 5 |  5.2
Maces & Flails | 3 4 |  4.5
Fighting       | |  3.6
Armour         | |  3.9
Dodging        | |  0.9

Action                   |  1- 3 |  4- 6 || total
-------------------------+-------+-------++-------
Melee: Flail             |   115 |   187 ||   302
  Use: Scroll            |     1 |     7 ||     8
       Potion            |       |     3 ||     3
Armor: Scale mail        |    77 |    97 ||   174
       Skin              |       |     2 ||     2
Dodge: Dodged            |    36 |    56 ||    92
Block: Kite shield       |    62 |    94 ||   156

Table legend: (Time is in decaauts)
 A = Elapsed time spent in this place.
 B = Non-inter-level travel time spent in this place.
 C = Inter-level travel time spent in this place.
 D = Time resting spent in this place.
 E = Time spent auto-exploring this place.
 F = Levels seen in this place.
 G = Mean time per level.
                   A        B        C        D        E       F      G
               +--------+--------+--------+--------+--------+-----+--------+
         Total |   2972 |   2893 |     79 |    406 |   1698 |   4 |  743.0 |
       Dungeon |   2479 |   2400 |     79 |     99 |   1672 |   3 |  826.3 |
         Sewer |    492 |    492 |      0 |    307 |     25 |   1 |  492.0 |
               +--------+--------+--------+--------+--------+-----+--------+

Top non-repeatable levels by time:
     D:2: 877 daAuts
     D:1: 863 daAuts
     D:3: 738 daAuts
   Sewer: 492 daAuts
